 Dungeon Crawl Stone Soup version 0.27-a0-808-g60bc5d92e6 (webtiles) character file.

Game seed: 7228995730927485720

1234 funkygono the Thaumaturge (level 8, -10/52 HPs)
             Began as a Djinni Fire Elementalist on Mar 28, 2021.
             Was an Initiate of Cheibriados.
             Mangled by an orc warrior
             ... wielding a +0 glaive
              (25 damage)
             ... on level 6 of the Dungeon.
             The game lasted 00:10:26 (6410 turns).

funkygono the Thaumaturge (DjFE)                    Turns: 6410, Time: 00:10:26

Health: -10/52     AC:  3    Str:  8    XL:     8   Next: 48%
Gold:   171        EV: 13    Int: 26    God:    Cheibriados [......] SH:  0 Dex: 15

rFire    + + .     SeeInvis .   k - +0 falchion
rCold    x . .     Faith    .   (no shield)
rNeg     . . .     Spirit   .   a - +0 robe
rPois    ∞         Reflect  .   (no helmet)
rElec    .         Harm     .   (no cloak)
rCorr    .         Rampage  .   b - +0 pair of gloves
Will     .....                  (boots unavailable)
Stlth    ++........             (no amulet)
HPRegen  0.17/turn              p - +6 ring of intelligence
MPRegen  0.00/turn              q - ring of wizardry

@: flying, very slow
A: fire resistance 2, cold vulnerability 1, float, innate caster, hp casting,
extra vitality 1
a: Renounce Religion, Bend Time


You were on level 6 of the Dungeon.
You worshipped Cheibriados.
Cheibriados was noncommittal.
You visited 2 branches of the dungeon, and saw 7 of its levels.

You collected 171 gold pieces.

Inventory:

Hand Weapons
 e - a +0 dagger
 k - a +0 falchion (weapon)
Missiles
 j - 140 stones
Armour
 a - a +0 robe (worn)
 b - a +0 pair of gloves (worn)
 d - a +0 leather armour
Jewellery
 p - a +6 ring of intelligence (left hand)
 q - a ring of wizardry (right hand)
Wands
 r - a wand of digging (3)
Scrolls
 n - 2 scrolls of magic mapping
 s - a scroll of blinking
 u - a scroll of immolation {unknown}
 v - a scroll of silence {unknown}
 w - a scroll of noise {unknown}
Potions
 c - a potion of heal wounds
 f - a potion of lignification
 g - 2 potions of haste {unknown}
 h - a potion of attraction {unknown}
 i - 2 potions of curing {unknown}
 l - a potion of mutation {unknown}
 m - 2 potions of flight {unknown}
 o - 3 potions of cancellation
 t - a potion of brilliance {unknown}


   Skills:
 + Level 1.0 Fighting
 + Level 3.0 Dodging
 - Level 1.5 Stealth
 * Level 8.6 Spellcasting


You had 2 spell levels left.
You knew the following spells:

 Your Spells              Type           Power      Damage    Failure   Level
a - Foxfire               Conj/Fire      100%       2x1d9     1%          1
b - Conjure Flame         Conj/Fire      54%        6-21      1%          3
c - Inner Flame           Hex/Fire       54%        N/A       1%          3
d - Sticky Flame          Conj/Fire      54%        2d7       1%          4
e - Fireball              Conj/Fire      27%        3d12      1%          5
f - Sandblast             Erth           100%       2d20      1%          1
g - Searing Ray           Conj           100%       3d7       1%          2
h - Stone Arrow           Conj/Erth      100%       3d13      1%          3
Your spell library was empty.

Dungeon Overview and Level Annotations

Branches:
Dungeon (6/15)             Temple (1/1) D:5

Altars:
Cheibriados
Dithmenos
Elyvilon
Fedhas
Gozag
Hepliaklqana
Kikubaaqudgha
Makhleb
Nemelex Xobeh
Okawaru
Qazlal
Sif Muna
Trog
Vehumet
Yredelemnul
Zin
The Shining One

Shops:
D:1 ?=   D:5 *

Annotations:
D:2 2 transporters


Innate Abilities, Weirdness & Mutations

You are immune to poison.
Your flesh is very heat resistant. (rF++)
You are vulnerable to cold. (rC-)
You float through the air rather than walking.
You learn spells naturally, not from books.
Your magical power is your life essence.
You have superior vitality. (+4 HP)


Message History

The orc warrior misses you.
Casting: Foxfire (safe; 1% risk of failure)
Confirm with . or Enter, or press ? or * to list all spells.
You conjure some foxfire!
The foxfire hits the orc wizard.
The orc wizard is heavily wounded.
The foxfire hits the orc warrior.
The orc warrior is almost dead.
The orc warrior hits you from afar with a +0 glaive!
Casting: Foxfire (safe; 1% risk of failure)
Confirm with . or Enter, or press ? or * to list all spells.
You conjure some foxfire!
The foxfire hits the orc wizard!
The orc wizard is almost dead.
The foxfire hits the orc wizard.
You kill the orc wizard!
Cheibriados thoroughly appreciates the change of pace.
The orc warrior misses you.
Casting: Foxfire (safe; 1% risk of failure)
Confirm with . or Enter, or press ? or * to list all spells.
You conjure some foxfire!
The foxfire hits the orc warrior but does no damage.
The orc warrior is almost dead.
The foxfire hits the orc.
The orc is moderately wounded.
The orc warrior hits you from afar with a +0 glaive!
* * * LOW HITPOINT WARNING * * *
Casting: Foxfire (safe; 1% risk of failure)
Confirm with . or Enter, or press ? or * to list all spells.
You conjure some foxfire!
* * * LOW HITPOINT WARNING * * *
The foxfire hits the orc.
The orc is heavily wounded.
The foxfire hits the orc.
The orc is severely wounded.
The orc barely misses you.
The orc hits your foxfire with a +0 hand axe. x2
The foxfire hits the orc!
You kill the orc!
Cheibriados thoroughly appreciates the change of pace.
The orc warrior hits you from afar with a +0 glaive!!
You die...

#.#####.#########...
#.#####.##..........
#.#........#####....
#.#.###.#### ##...##
#.#.###.# #.....#
#.......# ##...##
###.##### ##.##
##.## #.# #o@§# #.#
#.v)..# #+# #..o..#
#.....# ##...#.
##.#... .......
#.#...##


You could see an orc warrior and an orc (ally target).

Vanquished Creatures
  A water moccasin (D:3)
  A sky beast (D:6)
  A necrophage (D:6)
  An ogre (D:2)
  A centaur (D:5)
  A phantom (D:5)
  A wyvern zombie (D:6)
  2 scorpions
  A bullfrog zombie (D:5)
  An orc priest (D:3)
  A jelly (D:4)
  3 iguanas (D:5)
  4 orc wizards
  A hound zombie (D:5)
  A hound skeleton (D:4)
  10 gnolls
  6 adders
  2 white imps (D:6)
  An adder skeleton (D:4)
  A worm (D:3)
  3 dart slugs
  14 orcs
  8 ball pythons
  An endoplasm (D:1)
  2 giant cockroaches (D:4)
  3 hobgoblins
  8 jackals
  5 kobolds
  2 quokkas (D:1)
  5 bats
  4 frilled lizards
  7 goblins
  5 rats
  A spectral kobold (D:3)
109 creatures vanquished.

Vanquished Creatures (others)
  414 foxfires
414 creatures vanquished.

Grand Total: 523 creatures vanquished

Notes
Turn   | Place    | Note
-------+----------+-------------------------------------------
     0 | D:1      | funkygono the Djinni Fire Elementalist began the quest for
                  | the Orb.
     0 | D:1      | Reached XP level 1. HP: 15/15 MP: 0/0
    31 | D:1      | Reached skill level 3 in Spellcasting
   244 | D:1      | Reached XP level 2. HP: 18/21 MP: 0/0
   835 | D:1      | Found Hesied's Jewellery Emporium.
  1032 | D:1      | Reached XP level 3. HP: 23/25 MP: 0/0
  1032 | D:1      | Learned a level 1 spell: Sandblast
  1287 | D:1      | Found Wiuwaott's Magic Scroll Shoppe.
  1399 | D:2      | Reached skill level 4 in Spellcasting
  1399 | D:2      | Reached XP level 4. HP: 20/31 MP: 0/0
  1647 | D:2      | Noticed a water moccasin
  1650 | D:2      | Noticed a steam dragon
  1651 | D:2      | Found an iron altar of Okawaru.
  1651 | D:2      | Found a transporter.
  1661 | D:2      | Found a transporter.
  1827 | D:2      | Noticed an ogre
  1847 | D:2      | Killed an ogre
  1848 | D:2      | Reached XP level 5. HP: 19/35 MP: 0/0
  1848 | D:2      | Learned a level 2 spell: Searing Ray
  2204 | D:2      | Reached skill level 5 in Spellcasting
  2477 | D:3      | Found a hazy altar of Hepliaklqana.
  2606 | D:3      | Reached XP level 6. HP: 24/40 MP: 0/0
  2771 | D:3      | Noticed a water moccasin
  2780 | D:3      | Killed a water moccasin
  2781 | D:3      | Reached skill level 6 in Spellcasting
  3319 | D:3      | Reached XP level 7. HP: 44/46 MP: 0/0
  3319 | D:3      | Learned a level 3 spell: Stone Arrow
  4459 | D:4      | Reached skill level 7 in Spellcasting
  4649 | D:5      | Entered Level 5 of the Dungeon
  4835 | D:5      | Reached XP level 8. HP: 16/51 MP: 0/0
  5098 | D:5      | Found a staircase to the Ecumenical Temple.
  5104 | Temple   | Entered the Ecumenical Temple
  5579 | D:5      | Found Ydevu's Assorted Antiques.
  5656 | D:6      | Reached skill level 8 in Spellcasting
  5803 | D:6      | Found a snail-covered altar of Cheibriados.
  5806 | D:6      | Became a worshipper of Cheibriados the Contemplative
  6100 | D:6      | Reached skill level 1 in Fighting
  6410 | D:6      | Mangled by an orc warrior

Illustrated notes

Levels and vault maps discovered:
D:1:      lightli_arrival_statue_moat, layout_basic, serial_shops,
          nicolae_shop_stone, nicolae_shop_temple_entry_statues_fountains
D:2:      layout_loops_ring, gammafunk_temple_overflow_arena
D:3:      layout_basic, nicolae_hepliaklqana_monster_ancestors
D:4:      layout_basic
D:5:      layout_cave_pools, minmay_temple_entry_fiery, serial_shops, shop,
          st_stairs_13
D:6:      layout_loops_corners, kennysheep_mini
Temple:   zaba_magenta_temple

Skill      XL: |  1  2  3  4  5  6  7  8 |
---------------+-------------------------+-----
Spellcasting   | 3 4 5 6 7 8 |  8.6
Dodging        | 3 |  3.0
Fighting       | 1 |  1.0
Stealth        | |  1.5

Action                   |  1- 3 |  4- 6 |  7- 9 || total
-------------------------+-------+-------+-------++-------
Melee: Falchion          |       |       |     2 ||     2
 Cast: Foxfire           |    63 |    59 |   124 ||   246
       Searing Ray       |       |     4 |       ||     4
       Sticky Flame      |       |       |     1 ||     1
  Use: Scroll            |     3 |     1 |     3 ||     7
       Potion            |       |       |     1 ||     1
Armor: Robe              |     1 |       |     3 ||     4
Dodge: Dodged            |     8 |     7 |    18 ||    33
       Rpst.: Falchion   |       |     3 |     5 ||     8

Table legend: (Time is in decaauts)
 A = Elapsed time spent in this place.
 B = Non-inter-level travel time spent in this place.
 C = Inter-level travel time spent in this place.
 D = Time resting spent in this place.
 E = Time spent auto-exploring this place.
 F = Levels seen in this place.
 G = Mean time per level.
                   A        B        C        D        E       F      G
               +--------+--------+--------+--------+--------+-----+--------+
         Total |   6495 |   6337 |    158 |      0 |   5662 |   7 |  927.9 |
       Dungeon |   6369 |   6220 |    149 |      0 |   5608 |   6 | 1061.5 |
        Temple |    126 |    117 |      9 |      0 |     54 |   1 |  126.0 |
               +--------+--------+--------+--------+--------+-----+--------+

Top non-repeatable levels by time:
     D:3: 1415 daAuts
     D:1: 1314 daAuts
     D:2: 1019 daAuts
     D:4: 896 daAuts
     D:5: 870 daAuts
     D:6: 852 daAuts
  Temple: 126 daAuts
